 Dungeon Crawl Stone Soup version 0.27-a0-46-g34d46f0a3f (webtiles) character file.

Game seed: 9742586546693324360

52 Borgoz the Ruffian (level 3, -2/30 HPs)
             Began as a Ghoul Gladiator on Jan 6, 2021.
             Slain by Natasha (7 damage)
             ... on level 2 of the Dungeon.
             The game lasted 00:01:02 (724 turns).

Borgoz the Ruffian (Ghoul Gladiator)                 Turns: 724, Time: 00:01:03

Health: -2/30      AC:  7    Str: 18    XL:     3   Next: 85%
Magic:  2/2        EV: 10    Int:  3    God:
Gold:   58         SH:  0    Dex: 10    Spells: 2/2 levels left

rFire    . . .     SeeInvis .     - Unarmed
rCold    + . .     Faith    .   (no shield)
rNeg     + + +     Spirit   .   h - +0 scale mail
rPois    ∞         Reflect  .   b - +0 helmet
rElec    .         Harm     .   (no cloak)
rCorr    .         Rampage  .   (no gloves)
Will     .....                  (no boots)
Stlth    ..........             (no amulet)
HPRegen  0.00/turn              (no ring)
MPRegen  0.08/turn              (no ring)

@: no status effects
A: claws 1, cold resistance 1, negative energy resistance 3, inhibited
regeneration, torment resistance, unbreathing
a: no special abilities


You were on level 2 of the Dungeon.
You visited 1 branch of the dungeon, and saw 2 of its levels.

You collected 58 gold pieces.

Inventory:

Missiles
 c - 3 throwing nets (quivered)
Armour
 b - a +0 helmet (worn)
 h - a +0 scale mail (worn)
Wands
 a - a wand of flame (13)
Scrolls
 i - 2 scrolls of amnesia


   Skills:
 + Level 2.7 Fighting
 - Level 1.7 Throwing
 * Level 3.4 Dodging
 * Level 4.1 Unarmed Combat


You had 2 spell levels left.
You didn't know any spells.
Your spell library was empty.

Dungeon Overview and Level Annotations

Branches:
Dungeon (2/15)

Altars:
Fedhas

Annotations:
D:2 Natasha


Innate Abilities, Weirdness & Mutations

You thrive by killing the living.
You are immune to poison.
You have sharp fingernails.
Your flesh is cold resistant. (rC+)
You are immune to negative energy. (rN+++)
You do not regenerate when monsters are visible.
You are immune to unholy pain and torment.
You can survive without breathing.


Message History

You scratch Terence.
Terence is almost dead.
Terence hits you but does no damage.
You barely miss Terence.
Terence is almost dead.
Terence barely misses you.
You scratch Terence.
You kill Terence!
Your Unarmed Combat skill increases to level 4!
a - a wand of flame (13)
Things that are here:
a +0 short sword; a +0 chain mail; the human corpse of Terence Natasha hisses angrily.
Natasha stares at you and mumbles some strange words.
The magic dart hits you!
* * * LOW HITPOINT WARNING * * *
Found a bubbling golden potion and 27 stones.
You aren't carrying any potions.
Natasha claws you!
You die...

..........#
...........+
..........(# ##
#...........##...
+..!.............
................
#)#.#.....h......
#.#......@.......
#...#....##.....#
#..#....## ....#
#.......####+####
##..†))......#
#.#...####### #
#...# ##+#...#
#......#


You could see Natasha.

Vanquished Creatures
  Terence (D:2)
  2 worms (D:2)
  A ball python (D:2)
  2 bats (D:1)
  2 giant cockroaches (D:1)
  3 goblins (D:1)
  2 hobgoblins
  2 frilled lizards (D:1)
  2 kobolds (D:1)
  4 rats (D:1)
21 creatures vanquished.

Notes
Turn   | Place    | Note
-------+----------+-------------------------------------------
     0 | D:1      | Borgoz the Ghoul Gladiator began the quest for the Orb.
     0 | D:1      | Reached XP level 1. HP: 17/17 MP: 0/0
   151 | D:1      | Reached XP level 2. HP: 25/25 MP: 1/1
   673 | D:2      | Found a blossoming altar of Fedhas.
   698 | D:2      | Noticed Terence
   702 | D:2      | Noticed Natasha
   708 | D:2      | Reached XP level 3. HP: 19/30 MP: 2/2
   718 | D:2      | Killed Terence
   719 | D:2      | Reached skill level 4 in Unarmed Combat
   724 | D:2      | Slain by Natasha

Illustrated notes

Levels and vault maps discovered:
D:1:      tarquinn_simple_flora_water_e, layout_loops_ring
D:2:      layout_basic, fedhas_altar_3, uniq_crazy_yiuf_cottage, uniq_natasha,
          uniq_robin, uniq_terence

Skill      XL: |  1  2  3 |
---------------+----------+-----
Dodging        | 3 |  3.4
Unarmed Combat | 4 |  4.1
Fighting       | |  2.7
Throwing       | |  1.7

Action                   || total
-------------------------++-------
Melee: Unarmed           ||    61
       Punch             ||     2
  Use: Scroll            ||     5
       Potion            ||     2
Armor: Leather armour    ||     7
       Scale mail        ||    13
Dodge: Dodged            ||    34

Table legend: (Time is in decaauts)
 A = Elapsed time spent in this place.
 B = Non-inter-level travel time spent in this place.
 C = Inter-level travel time spent in this place.
 D = Time resting spent in this place.
 E = Time spent auto-exploring this place.
 F = Levels seen in this place.
 G = Mean time per level.
                   A        B        C        D        E       F      G
               +--------+--------+--------+--------+--------+-----+--------+
         Total |    719 |    686 |     33 |      0 |    544 |   2 |  359.5 |
       Dungeon |    719 |    686 |     33 |      0 |    544 |   2 |  359.5 |
               +--------+--------+--------+--------+--------+-----+--------+

Top non-repeatable levels by time:
     D:1: 662 daAuts
     D:2: 56 daAuts
